 Dungeon Sprint DCSS version 0.19.4-10-g532645f (webtiles) character file.

167 equalderp2856 the Gouger (level 5, -2/29 HPs)
             Began as a Felid Fighter on Feb 25, 2017.
             Slain by a hippogriff (4 damage)
             ... in the Dungeon (Sprint II: "The Violet Keep of Menkaure").
             The game lasted 00:01:56 (3266 turns).

equalderp2856 the Gouger (Felid Fighter)            Turns: 3266, Time: 00:01:56

Health: -2/29      AC:  2    Str: 13    XL:     5   Next: 23%
Magic:  6/6        EV: 25    Int: 10    God:
Gold:   486        SH:  0    Dex: 16    Spells: 0 memorised, 4 levels left
                                        Lives:  0   Deaths: 2

rFire  . . .     SeeInvis +       - Unarmed
rCold  . . .     Gourm    .     (armour unavailable)
rNeg   . . .     Faith    .     (shield unavailable)
rPois  .         Spirit   .     (helmet unavailable)
rElec  .         Reflect  .     (cloak unavailable)
rCorr  .         Harm     .     (gloves unavailable)
MR     .....     NoTele   +     (boots unavailable)
Stlth  ++........               (no amulet)
                                (no ring)
                                (no ring)

@: quick
A: no armour, no weapons or thrown items, stealth, claws 1, fangs 3, see
invisible, carnivore 3, speed 1, shaggy fur 2, slow metabolism 1, sharp paws
a: no special abilities


You were in the Dungeon.
You were not hungry.

You visited 1 branch You collected 486 gold pieces.

Inventory:

Hand Weapons
 c - the +1 quarterstaff of Asydd {drain, rPois Str+4 Dex+2 SInv, unknown}
   (You found it in the Dungeon)

   A truly terrible weapon, it drains the life of those it strikes.
   It affects your strength (+4).
   It affects your dexterity (+2).
   It protects you from poison.
   It lets you see invisible.
Scrolls
 h - a scroll of blinking
Potions
 a - a potion of might
 e - a potion of haste
 f - 2 potions of magic
 g - a potion of berserk rage


   Skills:
 + Level 7.9 Fighting
 + Level 9.5 Dodging
 + Level 1.1 Stealth
 + Level 12.6 Unarmed Combat


You had 4 spell levels left.
You didn't know any spells.

Dungeon Overview and Level Annotations

Branches:
Dungeon (1/1)

Altars:

Shops:
D !


Innate Abilities, Weirdness & Mutations

You cannot wear armour.
You are incapable of wielding weapons or throwing items.
Your paws allow you to move quietly. (Stealth)
You have sharp claws.
You have razor-sharp teeth.
You have supernaturally acute eyesight. (SInv)
You are carnivorous and can eat meat at any time.
You cover ground quickly.
You are covered in thick fur. (AC +2)
You have a slow metabolism.
Your sharp claws are effective at attacking unaware monsters.


Message History

You scratch the hippogriff.
The hippogriff is almost dead.
The hippogriff bites you! The hippogriff barely misses you.
The hippogriff claws you.
You barely miss the hippogriff.
The hippogriff is almost dead.
The hippogriff completely misses you. The hippogriff misses you.
The hippogriff completely misses you.
You scratch the hippogriff.
The hippogriff is almost dead.
You barely miss the hippogriff.
The hippogriff is almost dead.
The hippogriff closely misses you. The hippogriff misses you.
The hippogriff barely misses you.
You closely miss the hippogriff. Your bite misses the hippogriff.
The hippogriff is almost dead.
The hippogriff bites you!
* * * LOW HITPOINT WARNING * * *
The hippogriff closely misses you. The hippogriff claws you.
You die...

###≈≈#+++#+++##
##≈≈≈.........#
.#≈≈≈≈.##+##..#
.#≈≈≈≈##...## #
.#≈≈≈≈#..#..#
.#≈≈# ##.#.####
.#≈# ##'###.#
∩#≈ ##.##.# .+
+.<@H## ##.##.#
#+###.# ## ###
#%#


You could see a hippogriff.

Vanquished Creatures
  A hippogriff (D)
  Menkaure (D)
  4 necrophages (D)
6 creatures vanquished.

Vanquished Creatures (others)
  A crocodile (D)
1 creature vanquished.

Grand Total: 7 creatures vanquished

Notes
Turn   | Place    | Note
-------+----------+-------------------------------------------
     0 | D        | equalderp2856 the Felid Fighter began the quest for the Orb.
     0 | D        | Reached XP level 1. HP: 10/10 MP: 2/2
     1 | D        | Noticed a necrophage
     1 | D        | Noticed a necrophage
     1 | D        | Noticed a necrophage
     1 | D        | Noticed a necrophage
     9 | D        | Killed a necrophage
     9 | D        | Reached skill level 7 in Unarmed Combat
     9 | D        | Reached XP level 2. HP: 3/15 MP: 3/3
     9 | D        | Reached XP level 3. HP: 4/18 MP: 4/4
     9 | D        | Reached XP level 4. HP: 4/22 MP: 5/5
    17 | D        | Killed a necrophage
    17 | D        | Reached skill level 5 in Fighting
    17 | D        | Reached skill level 9 in Unarmed Combat
    17 | D        | Reached XP level 5. HP: 18/27 MP: 6/6
    19 | D        | Killed a necrophage
    19 | D        | Reached skill level 10 in Unarmed Combat
    23 | D        | Killed a necrophage
    23 | D        | Reached skill level 11 in Unarmed Combat
    23 | D        | Gained mutation: You are covered in thick fur. (AC +2) [Felid growth]
    23 | D        | Reached XP level 6. HP: 22/31 MP: 7/7
   113 | D        | Noticed a flying skull
   114 | D        | Noticed a flying skull
   114 | D        | Noticed a flying skull
   114 | D        | Noticed a flying skull
   114 | D        | Noticed a flying skull
   114 | D        | Noticed a flying skull
   115 | D        | Noticed a flying skull
   115 | D        | Noticed a flying skull
   115 | D        | Noticed a flying skull
   115 | D        | Noticed Menkaure
   116 | D        | Noticed a flying skull
   116 | D        | Noticed a flying skull
   117 | D        | Found Lourudos's Distillery.
   123 | D        | Killed Menkaure
   125 | D        | Noticed a flying skull
   288 | D        | Noticed a hippogriff
   288 | D        | Noticed a hippogriff
   296 | D        | Killed a hippogriff
   296 | D        | Reached skill level 1 in Stealth
   296 | D        | Reached skill level 12 in Unarmed Combat
   296 | D        | Reached XP level 7. HP: 11/36 MP: 8/8
   299 | D        | HP: 1/36 [hippogriff (1)]
   300 | D        | Slain by a hippogriff
   301 | D        | Reached XP level 6. HP: -3/33 MP: 7/7
   301 | D        | Got a slimy quarterstaff
  3073 | D        | Paralysed by fainting for 8 turns
  3087 | D        | Paralysed by fainting for 8 turns
  3125 | D        | Paralysed by fainting for 12 turns
  3194 | D        | Paralysed by fainting for 5 turns
  3244 | D        | Paralysed by fainting for 6 turns
  3251 | D        | Starved to death
  3252 | D        | Reached XP level 5. HP: 29/29 MP: 6/6
  3266 | D        | Slain by a hippogriff

Skill      XL: |  1  2  3  4  5  6 |
---------------+-------------------+-----
Fighting       | 4 5 6 7 |  7.9
Dodging        | 6 7 8 9 |  9.5
Unarmed Combat | 7 9 11 12 | 12.6
Stealth        | 1 |  1.1

Action                   |  1- 3 |  4- 6 |  7- 9 || total
-------------------------+-------+-------+-------++-------
Melee: Unarmed           |     6 |    34 |     4 ||    44
       Bite              |       |     5 |       ||     5
       Punch             |       |     5 |     1 ||     6
  Use: Potion            |       |     2 |       ||     2
Armor: Skin              |       |     1 |       ||     1
Dodge: Dodged            |     2 |    37 |     6 ||    45
